 Dungeon Crawl Stone Soup version 0.28.0-49-g6dfe1f597d (webtiles) character file.

Game seed: 17320602608706951025

49161 promet the Tortoise (level 14, -7/126 HPs)
             Began as a Minotaur Berserker on May 10, 2022.
             Was an Elder of Trog.
             Killed from afar by a hellion (21 damage)
             ... with damnation
             ... on level 2 of the Abyss on May 12, 2022.
             The game lasted 02:27:21 (20149 turns).

promet the Tortoise (Minotaur Berserker)           Turns: 20149, Time: 02:27:22

Health: -7/126     AC: 19    Str: 20    XL:     14   Next: 15%
Magic:  13/13      EV: 14    Int:  6    God:    Trog [****..]
Gold:   1679       SH:  0    Dex: 10    Spells: 13/13 levels left

rFire   . . .      SeeInvis .   D - +7 lajatang of Order {silver, rMut}
rCold   . . .      Faith    .   (shield currently unavailable)
rNeg    . . .      Spirit   .   g - +2 chain mail {rPois}
rPois   +          Reflect  .   (helmet restricted)
rElec   .          Harm     .   (no cloak)
rCorr   .          Rampage  .   (no gloves)
rMut    +                       S - +2 pair of boots
Will    +++..                   N - amulet of regeneration
Stlth   ..........              z - ring "Aluqyhyt" {EV+4 Str+3 Int-2 Dex+2 Stlth+}
HPRegen 1.00/turn               W - +4 ring of protection
MPRegen 0.13/turn

@: strong-willed, on berserk cooldown, sick, regenerating, slowed, unable to
read, very slow
A: horns 2, retaliatory headbutt, clumsy 1[+1], [deformed body], [screaming 2],
[weak 2], [inability to read while threatened]
a: Renounce Religion, Berserk, Trog's Hand, Brothers in Arms


You were on level 2 of the Abyss.
You worshipped Trog.
Trog was greatly pleased with you.
You visited 3 branches of the dungeon, and saw 18 of its levels.
You visited the Abyss 1 time.
You also visited: Ossuary.

You collected 1822 gold pieces.
You spent 143 gold pieces at shops.

Inventory:

Hand Weapons
 a - the +8 executioner's axe of the Spinneret {vorpal, rN+ Str+6}
   (You acquired it on level 6 of the Lair of Beasts)

   It inflicts extra damage upon your enemies.
   Str:       It affects your strength (+6).
   rN:        It protects you from negative energy.
 b - a +2 vorpal hand crossbow
 i - a +3 trident
 j - a +0 falchion of flaming
 u - a +2 short sword of draining
 v - a +5 vorpal broad axe
 x - a +5 vorpal quarterstaff
 D - the +7 lajatang of Order (weapon) {silver, rMut}
   (You found it on level 4 of the Dungeon)

   It inflicts extra damage upon those it strikes, and deals substantially
   increased damage to chaotic, mutated and magically transformed beings.
   rMut:      It protects you from mutation.
 K - a +0 shortbow of flaming
 M - a +5 long sword
Missiles
 c - 51 bolts
 d - a throwing net
 e - 507 stones
 q - 11 javelins
 t - 132 arrows
 w - 63 sling bullets
 y - 24 poisoned darts (quivered)
 Y - 2 boomerangs
Armour
 g - a +2 chain mail of poison resistance (worn)
 C - a +2 scale mail of fire resistance
 O - +0 acid dragon scales
 S - a +2 pair of boots (worn)
Magical Staves
 A - a staff of fire
Jewellery
 n - a +6 ring of dexterity
 z - the ring "Aluqyhyt" (left hand) {EV+4 Str+3 Int-2 Dex+2 Stlth+}
   (You acquired it on level 7 of the Dungeon)

   [ring of evasion]

   EV:        It affects your evasion (+4).
   Str:       It affects your strength (+3).
   Int:       It affects your intelligence (-2).
   Dex:       It affects your dexterity (+2).
   Stlth:     It makes you more stealthy.
 N - an amulet of regeneration (around neck)
 R - a ring of ice
 W - a +4 ring of protection (right hand)
 Z - a ring of ice
Wands
 m - a wand of mindburst (8)
 r - a wand of polymorph (28)
 F - a wand of paralysis (19)
 U - a wand of iceblast (6)
 X - a wand of flame (13)
Scrolls
 k - a scroll of enchant armour
 l - 3 scrolls of fog
 p - a scroll of teleportation
 s - 13 scrolls of identify
Potions
 f - 2 potions of magic
 h - a potion of lignification
 B - 2 potions of resistance
 G - 2 potions of curing
 H - 3 potions of haste
 I - 4 potions of might
 J - 4 potions of flight
 V - a potion of ambrosia
Miscellaneous
 E - a condenser vane (inert)
 P - a box of beasts
 T - a lightning rod (inert)


   Skills:
 + Level 12.2 Fighting
 + Level 2.8 Short Blades
 * Level 11.5 Axes
 + Level 14.9 Staves
 + Level 8.6 Crossbows
 + Level 3.5 Throwing
 + Level 15.9 Armour
 + Level 5.2 Dodging
 + Level 2.4 Stealth
 + Level 0.7 Evocations


You had 13 spell levels left.
You didn't know any spells.
Your spell library was empty.

Dungeon Overview and Level Annotations

Branches:
Dungeon (11/15)            Temple (0/1) D:6            Lair (6/6) D:10
  Swamp (0/4) Lair:2       Spider (0/4) Lair:3        Slime (0/5) Lair:6
    Orc (2/2) D:9             Elf (0/3) Orc:2       Ossuary (visited)

Altars:
Cheibriados
Hepliaklqana
Kikubaaqudgha
Nemelex Xobeh
Qazlal
Zin
Jiyva

Shops:
D:1 (   D:3 *   D:5 *   D:9 !   D:10 [   Orc:2 [

Annotations:
D:3 3 runed translucent doors, GigaChad's ghost, amateur MiFi
Lair:5 3 runed translucent doors, Riymurr's ghost, journeyman MfMo
Orc:2 Sonja


Innate Abilities, Weirdness & Mutations

You have a pair of horns on your head.
You reflexively headbutt those who attack you in melee.
[You are very clumsy. (Dex -4)]
[Armour fits poorly on your strangely shaped body.]
[You frequently scream uncontrollably at your foes.]
[You are very weak. (Str -4)]
[You sometimes lose the ability to read scrolls when taking damage.]


Message History

A starspawn tentacle comes into view.
An ancient zyme comes into view.
Tentacles burst from the starspawn's body! 2 starspawn tentacles come into view.
The ancient zyme barely misses you. You furiously retaliate!
You headbutt the ancient zyme. The ancient zyme misses you.
You feel ill. The ancient zyme barely misses you.
The ancient zyme hits you but does no damage.
A tentacle flies out from the starspawn's body!
A starspawn tentacle comes into view.
You feel ill.
A starspawn tentacle comes into view.
The starspawn tentacle misses you. The neqoxec gestures at you.
Something tries to feed on your intellect!
The ancient zyme completely misses you.
The ancient zyme hits you but does no damage.
The starspawn tentacle grabs you. The starspawn tentacle constricts you.
You escape the starspawn tentacle's grasp.
Found a gateway leading deeper into the Abyss.
You feel ill.
The wretched star pulses with an eldritch light!
The starspawn tentacle grabs you. The starspawn tentacle constricts you.
* * * LOW HITPOINT WARNING * * *
You escape the starspawn tentacle's grasp.
You feel ill.
The ancient zyme hits you but does no damage. x2
A tentacle flies out from the starspawn's body!
The starspawn tentacle misses you.
You scream at the starspawn tentacle!
A starspawn tentacle comes into view.
Blink to where?
Press: ? - help, Dir - move target
As you read the scroll of blinking, it crumbles to dust.
You hear a bark!
A hellion comes into view.
A wretched star comes into view.
The hellion gestures at you.
The sphere of damnation explodes!
The damnation engulfs you!!
You feel threatened and lose the ability to read scrolls!
You die...

#.. .# .. . ...X.....#
.. .#.#..###..# ..# ..#
.... . ..# #.... #..
*##...############ .
##.4.......#.......##2
.##.##......###.........
#..4#.##.....#..@.......
###.──*.##..............
....##\3#...............
..#...#\##..............
# .#.##wX....#...#####.*
..##──.#.x.###.## # ##.
#.#\#w...#.#
..#.###V#.....# #...
#.##....##


You could see a wretched star (wandering), an ancient zyme, a hellion and a
starspawn tentacle.

Vanquished Creatures
  A deep elf sorcerer (Abyss:2)
  A very ugly thing (Abyss:2)
  Josephine (D:9)
  A fire dragon (Lair:6)
  Fannar (Orc:1)
  7 hydras
  A catoblepas (Lair:2)
  A two-headed ogre (D:10)
  The ghost of nickcage the Slicer, a journeyman SpEn of Dithmenos (Lair:1)
  Urug (Lair:6)
  2 hell hogs (Abyss:2)
  A sun demon (Abyss:2)
  A thrashing horror (Abyss:2)
  A sixfirhy (Abyss:2)
  2 wretched stars (Abyss:2)
  A bog body (Lair:2)
  A phantasmal warrior (Abyss:2)
  An orc knight (Orc:1)
  3 lindwurms
  A necromancer (Lair:2)
  An orc sorcerer (Orc:1)
  A wolf spider (Lair:3)
  A cyclops (D:10)
  A manticore (D:9)
  9 elephants
  Maurice (Orc:1)
  A large abomination (Abyss:2)
  4 black mambas
  6 torpor snails
  A gargoyle (D:9)
  11 cane toads
  4 rime drakes
  9 komodo dragons
  2 trolls
  2 polar bears
  8 hornets (Lair:6)
  6 blink frogs
  2 tyrant leeches (Lair:6)
  14 dream sheep
  A raiju (Abyss:2)
  A shadow (D:9)
  Sigmund (D:2)
  4 wraiths
  19 yaks
  6 wyverns
  A fire bat (Abyss:2)
  A chaos spawn (Abyss:2)
  A steam dragon (D:9)
  2 vampire mosquitoes (D:10)
  4 basilisks
  3 swamp worms (Lair:2)
  An acid dragon (D:9)
  Duvessa (D:6)
  7 water moccasins
  An ice beast (D:6)
  3 black bears
  11 orc warriors
  A sky beast (D:5)
  8 ogres
  2 centaurs
  11 wolves
  2 kobold brigands
  9 bullfrogs
  A scorpion (D:5)
  A wyvern zombie (D:5)
  8 water moccasin zombies
  A wyvern skeleton (D:6)
  6 water moccasin skeletons
  Dowan (D:6)
  9 killer bees
  3 wights (D:9)
  7 howler monkeys
  2 electric eels
  2 bullfrog zombies (D:5)
  2 centaur zombies
  17 orc priests
  A bullfrog skeleton (D:5)
  5 jellies
  3 centaur skeletons (D:5)
  3 iguanas
  Natasha (twice) (D:2)
  13 orc wizards
  3 yak simulacra (Lair:2)
  A polar bear simulacrum (Lair:2)
  2 wolf simulacra (Lair:2)
  5 hound skeletons
  3 mummies
  7 gnolls
  5 adders
  2 howler monkey skeletons
  2 white imps
  2 ufetubi (Abyss:2)
  8 adder zombies (Ossuary)
  2 adder skeletons (D:5)
  A worm (D:2)
  6 dart slugs
  54 orcs
  6 ball pythons
  3 endoplasms
  3 giant cockroaches
  3 gnoll zombies (Ossuary)
  8 hobgoblins
  13 kobolds
  3 quokkas
  4 bats
  3 goblins
  6 hobgoblin zombies
  6 kobold zombies (Ossuary)
  4 orc zombies
  4 rats
  5 river rat simulacra (Lair:2)
476 creatures vanquished.

Vanquished Creatures (collateral kills)
  Jorgrun (Orc:1)
  A great orb of eyes (Abyss:2)
  A hell hog (Abyss:2)
  A komodo dragon (Lair:5)
  11 dream sheep (Lair:5)
  A yak (Lair:5)
  An orc wizard (Orc:1)
  An orc (Orc:1)
18 creatures vanquished.

Vanquished Creatures (others)
  A dream sheep (Lair:6)
  An orc (Orc:1)
  29 fungi
  71 plants
  23 starspawn tentacles (Abyss:2)
  5 withered plants (D:5)
130 creatures vanquished.

Grand Total: 624 creatures vanquished

Notes
Turn   | Place    | Note
-------+----------+-------------------------------------------
     0 | D:1      | promet the Minotaur Berserker began the quest for the Orb.
     0 | D:1      | Reached XP level 1. HP: 19/19 MP: 0/0
    36 | D:1      | Found Obeixir's Antique Weapon Emporium.
   178 | D:1      | Reached XP level 2. HP: 27/27 MP: 1/1
   304 | D:1      | Found a faded altar of an unknown god.
   812 | D:2      | Noticed Natasha
   817 | D:2      | Killed Natasha
   818 | D:2      | Reached XP level 3. HP: 33/33 MP: 2/2
  1145 | D:2      | Noticed Natasha
  1153 | D:2      | Killed Natasha
  1154 | D:2      | Reached skill level 3 in Armour
  1154 | D:2      | Reached XP level 4. HP: 40/40 MP: 3/3
  1731 | D:2      | Noticed Sigmund
  1738 | D:2      | Killed Sigmund
  1739 | D:2      | Reached skill level 5 in Axes
  1739 | D:2      | Reached skill level 4 in Armour
  1739 | D:2      | Reached XP level 5. HP: 47/47 MP: 4/4
  2088 | D:3      | Found Zin's Purification Station.
  2092 | D:3      | Found a glowing silver altar of Zin.
  2257 | D:3      | Reached ** piety under Trog
  2264 | D:3      | Reached XP level 6. HP: 52/53 MP: 5/5
  2277 | D:3      | Reached skill level 1 in Short Blades
  2297 | D:3      | Found a runed translucent gate.
  2297 | D:3      | Found a runed translucent gate.
  2300 | D:3      | Found a runed translucent gate.
  2304 | D:3      | Noticed GigaChad's ghost (amateur MiFi)
  2830 | D:4      | Reached skill level 5 in Armour
  3014 | D:4      | Found the +7 lajatang of Order {silver, rMut}
  3416 | D:5      | Entered Level 5 of the Dungeon
  3463 | D:4      | Reached skill level 1 in Staves
  3463 | D:4      | Reached skill level 6 in Armour
  3463 | D:4      | Reached XP level 7. HP: 47/60 MP: 6/6
  3568 | D:5      | Gained mutation: [You are clumsy. (Dex -2)] [potion of
                  | mutation]
  3627 | D:5      | Found Soozerewk's General Store.
  3780 | D:5      | Reached skill level 7 in Armour
  3846 | D:5      | Reached skill level 5 in Fighting
  3846 | D:5      | Reached XP level 8. HP: 53/68 MP: 7/7
  3907 | D:5      | Reached skill level 1 in Throwing
  4286 | D:5      | Reached *** piety under Trog
  4345 | D:5      | Reached skill level 5 in Staves
  4345 | D:5      | Reached skill level 8 in Armour
  4561 | D:5      | Found a sparkling altar of Nemelex Xobeh.
  5033 | D:6      | Found a snail-covered altar of Cheibriados.
  5034 | D:6      | Noticed Duvessa
  5034 | D:6      | Noticed Dowan
  5041 | D:6      | Killed Duvessa
  5044 | D:6      | Killed Dowan
  5147 | D:6      | Reached skill level 9 in Armour
  5420 | D:6      | Reached XP level 9. HP: 75/75 MP: 8/8
  5431 | D:6      | Found a staircase to the Ecumenical Temple.
  6452 | D:7      | Found a sand-covered staircase.
  6455 | D:7      | Reached **** piety under Trog
  6458 | Ossuary  | Entered an ossuary
  6743 | D:7      | Identified a scroll of acquirement
  6751 | D:7      | Acquired the ring "Aluqyhyt" {EV+4 Str+3 Int-2 Dex+2
                  | Stlth+}
  6854 | D:7      | Reached skill level 10 in Armour
  7268 | D:7      | You fall into a shaft and drop 2 floors!
  7304 | D:9      | Found a staircase to the Orcish Mines.
  7334 | D:9      | Noticed a skeletal warrior
  7334 | D:9      | Noticed a manticore
  7338 | D:9      | Noticed a deep elf pyromancer
  7340 | D:9      | Noticed a tengu warrior
  7342 | D:9      | Noticed a centaur warrior
  7343 | D:9      | Noticed a deep elf pyromancer
  7572 | D:9      | Noticed a manticore
  7578 | D:9      | Killed a manticore
  7705 | D:9      | Noticed a gargoyle
  7713 | D:9      | Killed a gargoyle
  7714 | D:9      | Reached skill level 10 in Staves
  7714 | D:9      | Reached XP level 10. HP: 82/86 MP: 9/9
  7834 | D:9      | Reached ***** piety under Trog
  8124 | D:9      | Reached skill level 1 in Stealth
  8256 | D:9      | Found Nimeoc's Distillery.
  8269 | D:9      | Bought a potion of heal wounds for 80 gold pieces
  8593 | D:10     | Entered Level 10 of the Dungeon
  8682 | D:10     | Noticed a cyclops
  8803 | D:10     | Found a stormy altar of Qazlal.
  8857 | D:10     | Killed a cyclops
  8858 | D:10     | Reached skill level 11 in Armour
  8918 | D:10     | Found an ancient bone altar of Kikubaaqudgha.
  9009 | D:10     | Found Xuilask's Armour Boutique.
  9009 | D:10     | Noticed a two-headed ogre
  9022 | D:10     | Killed a two-headed ogre
  9070 | D:10     | Bought a +0 pair of boots for 63 gold pieces
  9267 | D:10     | Found a staircase to the Lair.
  9495 | D:10     | Found a faded altar of an unknown god.
  9495 | D:10     | Found a hazy altar of Hepliaklqana.
  9497 | D:10     | Found a faded altar of an unknown god.
 10162 | D:11     | Reached skill level 1 in Crossbows
 10168 | D:11     | Noticed a soul eater
 10187 | D:11     | Noticed a sun demon
 10189 | D:11     | Noticed an orange demon
 10399 | Lair:1   | Entered Level 1 of the Lair of Beasts
 10446 | Lair:1   | Reached skill level 12 in Armour
 10512 | Lair:1   | Reached XP level 11. HP: 95/95 MP: 10/10
 10659 | Lair:1   | Noticed nickcage's ghost (journeyman SpEn)
 10662 | Lair:1   | Found a runed translucent door.
 10696 | Lair:1   | Killed nickcage's ghost
 10734 | Lair:1   | Upgraded the game from 0.28.0-47-ge53b351184 to
                  | 0.28.0-49-g6dfe1f597d
 11026 | Lair:1   | Noticed a six-headed hydra
 11033 | Lair:1   | Killed an eight-headed hydra
 11788 | Lair:2   | Reached skill level 13 in Armour
 11906 | Lair:2   | Noticed a catoblepas
 11922 | Lair:2   | Killed a catoblepas
 12101 | Lair:2   | Noticed a four-headed hydra
 12111 | Lair:2   | Killed a four-headed hydra
 12240 | Lair:2   | Noticed a necromancer
 12245 | Lair:2   | Killed a necromancer
 12489 | Lair:2   | Noticed a bog body
 12501 | Lair:2   | Killed a bog body
 12502 | Lair:2   | Reached skill level 10 in Fighting
 12502 | Lair:2   | Reached XP level 12. HP: 74/106 MP: 11/11
 12560 | Lair:2   | Found a staircase to the Swamp.
 13122 | Lair:3   | Noticed an eight-headed hydra
 13130 | Lair:3   | Killed a ten-headed hydra
 13273 | Lair:3   | Reached skill level 5 in Crossbows
 13363 | Lair:3   | Reached skill level 14 in Armour
 13582 | Lair:3   | Found a hole to the Spider Nest.
 14745 | Lair:5   | Noticed a five-headed hydra
 14778 | Lair:4   | Received a gift from Trog
 14956 | Lair:5   | Killed a six-headed hydra
 14985 | Lair:5   | Found a runed translucent gate.
 14987 | Lair:5   | Found a runed translucent gate.
 15228 | Lair:5   | Reached skill level 15 in Armour
 15342 | Lair:5   | Reached skill level 5 in Dodging
 15355 | Lair:5   | Reached XP level 13. HP: 116/116 MP: 12/12
 15787 | Lair:5   | Found a runed translucent gate.
 15978 | Lair:5   | Noticed an azure jelly
 15978 | Lair:5   | Noticed Riymurr's ghost (journeyman MfMo)
 15978 | Lair:5   | Noticed an azure jelly
 15978 | Lair:5   | Noticed a quicksilver ooze
 15978 | Lair:5   | Noticed an acid blob
 15978 | Lair:5   | Noticed an acid blob
 15978 | Lair:5   | Noticed an acid blob
 15981 | Lair:5   | Found a viscous altar of Jiyva.
 16009 | Lair:6   | Entered Level 6 of the Lair of Beasts
 16113 | Lair:6   | Noticed Urug
 16124 | Lair:6   | Killed Urug
 16583 | Lair:6   | Acquired the +8 executioner's axe of the Spinneret {vorpal,
                  | rN+ Str+6}
 16648 | Lair:6   | Found a staircase to the Slime Pits.
 17852 | Lair:6   | Found a runed translucent door.
 17854 | Lair:6   | Noticed a fire dragon
 17881 | Lair:6   | Killed a fire dragon
 17985 | Lair:6   | Reached skill level 10 in Axes
 18575 | Orc:1    | Entered Level 1 of the Orcish Mines
 18575 | Orc:1    | Noticed Josephine
 18592 | Orc:1    | Noticed Maurice
 18605 | D:9      | Killed Josephine
 18750 | Orc:1    | Killed Maurice
 18856 | Orc:1    | Reached XP level 14. HP: 126/126 MP: 13/13
 19009 | Orc:1    | Noticed Jorgrun
 19030 | Orc:1    | Killed Jorgrun
 19277 | Orc:1    | Noticed Fannar
 19292 | Orc:1    | Killed Fannar
 19596 | Orc:2    | Entered Level 2 of the Orcish Mines
 19651 | Orc:2    | Found Pyzunysay's Armour Shop.
 19654 | Orc:2    | Found a staircase to the Elven Halls.
 19684 | Orc:2    | Noticed Sonja
 19700 | Orc:2    | Received a gift from Trog
 19715 | Orc:2    | Cast into level 2 of the Abyss (Sonja)
 19715 | Abyss:2  | Found a corrupted altar of Lugonu.
 19758 | Abyss:2  | Noticed a starcursed mass
 19866 | Abyss:2  | Noticed a brown very ugly thing
 19887 | Abyss:2  | Noticed a deep elf sorcerer
 19917 | Abyss:2  | Killed a deep elf sorcerer
 19928 | Abyss:2  | Noticed a starcursed mass
 19955 | Abyss:2  | Noticed a tentacled starspawn
 19966 | Abyss:2  | Noticed a tentacled starspawn
 19973 | Abyss:2  | Noticed a tentacled starspawn
 19974 | Abyss:2  | Noticed a red very ugly thing
 19974 | Abyss:2  | Noticed a purple very ugly thing
 19982 | Abyss:2  | Noticed a cyan very ugly thing
 20006 | Abyss:2  | Noticed a tentacled starspawn
 20029 | Abyss:2  | Noticed a tentacled starspawn
 20050 | Abyss:2  | Noticed a tentacled starspawn
 20077 | Abyss:2  | Killed a brown very ugly thing
 20084 | Abyss:2  | HP: 2/126 [wretched star/lance of force (22)]
 20096 | Abyss:2  | HP: 6/126 [tentacled starspawn (5)]
 20125 | Abyss:2  | HP: 3/126 [raiju/living lightning (7)]
 20149 | Abyss:2  | Killed from afar by a hellion

Illustrated notes

Levels and vault maps discovered:
D:1:      onia_arrival_mini_spirals, layout_rooms, serial_shops, shop_coins,
          shapermc_ecumenical_altar_ellora
D:2:      layout_basic, uniq_sigmund, uniq_natasha
D:3:      layout_rooms, zin_purify, serial_aquarium, aquarium_bridge_square
          [aquarium_subvault_bridge, aquarium_subvault_window,
          aquarium_subvault_window, aquarium_subvault_wall], aquarium_window_2,
          aquarium_window_1, aquarium_window_corner, aquarium_window_1,
          aquarium_view_2a, ebering_ghost_rock_garden
D:4:      layout_cave_pools
D:5:      layout_cave_pools, nemelex_spade_bored_becter, serial_undead,
          serial_undead_c, serial_undead_a, serial_undead_c, serial_undead_f,
          serial_undead_b, serial_undead_c, serial_undead_e, serial_undead_d,
          serial_shops, nicolae_shop_trees
D:6:      kennysheep_slugbush, layout_loops_corners,
          mainiacjoe_overflow_six_doors_small, minmay_temple_entry_proselytizer,
          uniq_duvessa
D:7:      layout_loops_cross, nicolae_ossuary_entry_giza,
          minmay_misc_feat_pillars, kennysheep_cluttered_room
D:9:      layout_irregular_city, orc_0_dummy, serial_shops,
          nicolae_lakefront_shop, onia_ninara_dug_in_and_dangerous
D:10:     mumra_celtic_spiral_tile, layout_basic,
          nicolae_hepliaklqana_ecumenical_no_more,
          nicolae_overflow_hidden_temple, david_lair_shrubbed, serial_shops,
          nicolae_shop_trees
D:11:     layout_roguey, serial_shops, nicolae_shop_window_shopping
Lair:1:   layout_roguey, hellmonk_ghost_happy_afterlife, grunt_megastairs_4
Lair:2:   layout_chaotic_city, nicolae_swamp_entry_splash_gauntlet,
          eino_house_with_fridge
Lair:3:   layout_roguey, spider_nest_entry_rubble
Lair:4:   layout_roguey
Lair:5:   layout_gridlike, gammafunk_ghost_ooze, serial_bayou_shore_b
Lair:6:   wormcave, layout_cave_pods, nicolae_slime_entry_slimehenge, uniq_urug
Orc:1:    layout_caves, uniq_josephine, uniq_fannar, uniq_jorgrun, uniq_maurice
Orc:2:    pf_orc_diabolical, layout_caves, serial_shops,
          nicolae_shop_waterfront, nicolae_orc_pool_cavern, uniq_sonja,
          uniq_erolcha
Abyss:2:  base: D:11, base: Lair:5, minivault_4, minivault_4, minivault_4

Skill      XL: |  1  2  3  4  5  6  7  8  9 10 11 12 13 14 |
---------------+-------------------------------------------+-----
Axes           | 4 5 10 11 | 11.5
Dodging        | 3 4 5 |  5.2
Armour         | 3 4 6 7 9 10 12 13 15 | 15.9
Fighting       | 4 5 6 7 8 10 11 12 | 12.2
Short Blades   | 2 |  2.8
Staves         | 1 3 7 10 11 13 14 | 14.9
Throwing       | 1 2 3 |  3.5
Stealth        | 1 2 |  2.4
Crossbows      | 1 4 6 8 |  8.6
Evocations     | |  0.7

Action                   |  1- 3 |  4- 6 |  7- 9 | 10-12 | 13-15 || total
-------------------------+-------+-------+-------+-------+-------++-------
Melee: Hand axe          |    39 |    16 |       |       |       ||    55
       Headbutt          |     8 |    17 |    37 |    67 |    57 ||   186
       Short sword       |       |    94 |       |       |       ||    94
       Punch             |       |     1 |       |       |     1 ||     2
       Lajatang          |       |    14 |   251 |   322 |    62 ||   649
       Quarterstaff      |       |       |       |     4 |    14 ||    18
       Executioner's axe |       |       |       |       |   176 ||   176
       Broad axe         |       |       |       |       |     7 ||     7
 Fire: Hand crossbow     |       |       |       |    81 |   126 ||   207
Throw: Stone             |     3 |    14 |       |       |     1 ||    18
       Throwing net      |       |     1 |       |       |     2 ||     3
       Boomerang         |       |       |    33 |    14 |     8 ||    55
       Javelin           |       |       |       |       |    14 ||    14
       Dart              |       |       |       |       |     4 ||     4
Invok: Berserk           |     1 |       |     1 |     1 |     2 ||     5
       Trog's Hand       |       |       |     1 |     5 |    14 ||    20
       Brothers in Arms  |       |       |       |     1 |     4 ||     5
Evoke: Wand              |       |       |     1 |     1 |     5 ||     7
       Box of beasts     |       |       |       |       |     1 ||     1
       Lightning rod     |       |       |       |       |     4 ||     4
       Condenser vane    |       |       |       |       |     1 ||     1
  Use: Scroll            |     3 |     7 |     3 |    10 |     5 ||    28
       Potion            |     3 |     1 |     7 |     1 |     8 ||    20
 Stab: Invisible         |       |       |       |       |     2 ||     2
Armor: Animal skin       |     1 |       |       |       |       ||     1
       Chain mail        |     9 |    88 |   126 |   119 |   185 ||   527
       Scale mail        |       |       |       |       |     3 ||     3
Dodge: Dodged            |    12 |    57 |   105 |   199 |   256 ||   629
